BSA
BAFFIN ISLAND BEAVERS @ PLYMOUTH ROCKS
09/17/2026
 
TOP OF THE 1ST
Baffin Island Beavers batting - Pitching for Plymouth Rocks : RHP José Martínez
Pitching: RHP José Martínez
Batting: LHB Mario García 0-0: Foul Ball, location: 2F
0-1: Ball
1-1: Swinging Strike
1-2: Strikes out looking
Batting: SHB Alonso Ferreira 0-0: Foul Ball, location: 2F
0-1: Fly out, F9 (Flyball, 89D)
Batting: LHB Lorenzo Villa 0-0: Ball
1-0: Ball
2-0: Ball
3-0: Called Strike
3-1: Foul Ball, location: 2F
3-2: Base on Balls
Batting: RHB Tony Morton 0-0: SINGLE (Groundball, 34D)
Lorenzo Villa to second
Runner from 2nd tries for 3rd, SAFE, throw made to third
Tony Morton to second
Batting: LHB Jeff Cole 0-0: SINGLE (Line Drive, 56)
Lorenzo Villa scores
Tony Morton to third
Runner from 3rd tries for Home, SAFE, no throw or cutoff
Batting: RHB Dave Craig 0-0: Called Strike
0-1: Ball
1-1: Foul Ball, location: 2F
1-2: Fly out, F7 (Popup, 6MD)
Top of the 1st over - 2 run(s), 2 hit(s), 0 error(s), 1 left on base; Baffin Island 2 - Plymouth 0
BOTTOM OF THE 1ST
Plymouth Rocks batting - Pitching for Baffin Island Beavers : LHP Marcos Benítez
Pitching: LHP Marcos Benítez
Batting: RHB Luis Sánchez 0-0: Foul Ball, location: 2F
0-1: Ball
1-1: Ball
2-1: Foul Ball, location: 2F
2-2: Ground out 6-3 (Groundball, 6)
Batting: RHB Andrés Lara 0-0: SINGLE (Line Drive, 34D)
Batting: SHB Greg Welch 0-0: Ball
1-0: Fielders Choice at 2nd, 3-6 (Groundball, 3)
Batting: RHB Júlio Negrón 0-0: Called Strike
0-1: Called Strike
0-2: Ground out 5-3 (Groundball, 56)
Bottom of the 1st over - 0 run(s), 1 hit(s), 0 error(s), 1 left on base; Baffin Island 2 - Plymouth 0
TOP OF THE 2ND
Baffin Island Beavers batting - Pitching for Plymouth Rocks : RHP José Martínez
Batting: LHB Javier Orozco 0-0: Ball
1-0: Called Strike
1-1: Fly out, F4 (Line Drive, 4M)
Now at 2B: Ray Yates
Batting: LHB Keng-chi Lao 0-0: Called Strike
0-1: Ball
1-1: Fly out, F9 (Flyball, 89D)
Batting: LHB Mike MacFadden 0-0: Fly out, F8 (Flyball, 8LM)
Top of the 2nd over - 0 run(s), 0 hit(s), 0 error(s), 0 left on base; Baffin Island 2 - Plymouth 0
BOTTOM OF THE 2ND
Plymouth Rocks batting - Pitching for Baffin Island Beavers : LHP Marcos Benítez
Batting: RHB António Gonzáles 0-0: Ball
1-0: Swinging Strike
1-1: Ground out 1-3 (Groundball, 15)
Batting: LHB Barrett Waters 0-0: Ball
1-0: Bunt for hit - play at first, batter OUT! 5-3
Batting: RHB António Zúñiga 0-0: Called Strike
0-1: Ground out 2-3 (Groundball, 2R)
Bottom of the 2nd over - 0 run(s), 0 hit(s), 0 error(s), 0 left on base; Baffin Island 2 - Plymouth 0
TOP OF THE 3RD
Baffin Island Beavers batting - Pitching for Plymouth Rocks : RHP José Martínez
Batting: LHB Mario García 0-0: Ground out 3-1 (Groundball, 34)
Batting: SHB Alonso Ferreira 0-0: Ball
1-0: DOUBLE (Flyball, 78M)
Pinch Runner at 2nd Enrico Ramos:
Batting: LHB Lorenzo Villa 0-0: Ball
Enrico Ramos is caught stealing 3rd base
1-0: Called Strike
1-1: Ball
2-1: Swinging Strike
2-2: Foul Ball, location: 2F
2-2: Ball
3-2: Ground out 4-3 (Groundball, 4M)
Top of the 3rd over - 0 run(s), 1 hit(s), 0 error(s), 0 left on base; Baffin Island 2 - Plymouth 0
BOTTOM OF THE 3RD
Plymouth Rocks batting - Pitching for Baffin Island Beavers : LHP Marcos Benítez
Now at 2B: Enrico Ramos
Batting: RHB Tadakuni Sugiyama 0-0: Called Strike
0-1: Called Strike
0-2: Ball
1-2: SOLO HOME RUN (Line Drive, 7D), Distance : 417 ft
Batting: RHB Javier Deleón 0-0: Called Strike
0-1: Foul Ball, location: 2F
0-2: Ball
1-2: Fly out, F8 (Flyball, 8LM)
Batting: RHB Luis Sánchez 0-0: Swinging Strike
0-1: Called Strike
0-2: Ball
1-2: Fly out, F8 (Flyball, 8LM)
Batting: RHB Andrés Lara 0-0: Ground out 5-3 (Groundball, 5S)
Bottom of the 3rd over - 1 run(s), 1 hit(s), 0 error(s), 0 left on base; Baffin Island 2 - Plymouth 1
TOP OF THE 4TH
Baffin Island Beavers batting - Pitching for Plymouth Rocks : RHP José Martínez
Batting: RHB Tony Morton 0-0: Swinging Strike
0-1: Ground out 1-3 (Groundball, 13)
Batting: LHB Jeff Cole 0-0: Ball
1-0: Ball
2-0: Ground out 4-3 (Groundball, 4M)
Batting: RHB Dave Craig 0-0: Ball
1-0: Foul Ball, location: 2F
1-1: Called Strike
1-2: Ball
2-2: SINGLE (Groundball, 56)
Batting: LHB Javier Orozco 0-0: Swinging Strike
0-1: Called Strike
0-2: Ball
1-2: Foul Ball, location: 2F
1-2: Foul Ball, location: 2F
1-2: Ball
2-2: Ground out 4-3 (Groundball, 4)
Top of the 4th over - 0 run(s), 1 hit(s), 0 error(s), 1 left on base; Baffin Island 2 - Plymouth 1
BOTTOM OF THE 4TH
Plymouth Rocks batting - Pitching for Baffin Island Beavers : LHP Marcos Benítez
Batting: SHB Greg Welch 0-0: Ball
1-0: Foul Ball, location: 2F
1-1: Ball
2-1: Ball
3-1: Base on Balls
Batting: RHB Ray Yates 0-0: Ball
1-0: Foul Ball, location: 2F
1-1: Ball
2-1: Foul Ball, location: 2F
2-2: Strikes out swinging
Batting: RHB António Gonzáles 0-0: Called Strike
0-1: SINGLE (Line Drive, 6M)
Greg Welch to second
Batting: LHB Barrett Waters 0-0: Fly out, F5 (Popup, 5SF)
Batting: RHB António Zúñiga 0-0: SINGLE (Line Drive, 34)
Greg Welch to third
António Gonzáles to second
Runner from 3rd tries for Home, throw and OUT!
Bottom of the 4th over - 0 run(s), 2 hit(s), 0 error(s), 2 left on base; Baffin Island 2 - Plymouth 1
TOP OF THE 5TH
Baffin Island Beavers batting - Pitching for Plymouth Rocks : RHP José Martínez
Batting: LHB Keng-chi Lao 0-0: Called Strike
0-1: Swinging Strike
0-2: SINGLE (Line Drive, 9S)
Batting: LHB Mike MacFadden 0-0: Ball
1-0: Called Strike
Keng-chi Lao is caught stealing 2nd base
1-1: SINGLE (Groundball, 6MD)
Batting: LHB Mario García 0-0: Swinging Strike
0-1: SINGLE (Line Drive, 3D)
Mike MacFadden to second
Batting: RHB Enrico Ramos 0-0: Fly out, F9 (Flyball, 9LM)
Batting: LHB Lorenzo Villa 0-0: Ground out 1-3 (Groundball, 13S)
Top of the 5th over - 0 run(s), 3 hit(s), 0 error(s), 2 left on base; Baffin Island 2 - Plymouth 1
BOTTOM OF THE 5TH
Plymouth Rocks batting - Pitching for Baffin Island Beavers : LHP Marcos Benítez
Batting: RHB Tadakuni Sugiyama 0-0: Ball
1-0: Ground out 4-3 (Groundball, 4)
Batting: RHB Javier Deleón 0-0: Foul Ball, location: 2F
0-1: Ball
1-1: Swinging Strike
1-2: Foul Ball, location: 2F
1-2: Foul Ball, location: 2F
1-2: Foul Ball, location: 2F
1-2: Ball
2-2: Foul Ball, location: 2F
2-2: Ground out 1-3 (Groundball, 13S)
Batting: RHB Luis Sánchez 0-0: Ball
1-0: Called Strike
1-1: Called Strike
1-2: Fly out, F8 (Flyball, 8LXD)
Bottom of the 5th over - 0 run(s), 0 hit(s), 0 error(s), 0 left on base; Baffin Island 2 - Plymouth 1
TOP OF THE 6TH
Baffin Island Beavers batting - Pitching for Plymouth Rocks : RHP José Martínez
Batting: RHB Tony Morton 0-0: Called Strike
0-1: Called Strike
0-2: Ground out 5-3 (Groundball, 5)
Batting: LHB Jeff Cole 0-0: Ball
1-0: Called Strike
1-1: Foul Ball, location: 2F
1-2: DOUBLE (Groundball, 3L)
Batting: RHB Dave Craig 0-0: Ball
1-0: Foul Ball, location: 2F
1-1: DOUBLE (Line Drive, 89XD)
Jeff Cole scores
Batting: LHB Javier Orozco 0-0: Ball
1-0: Called Strike
1-1: Ball
2-1: Fly out, F8 (Flyball, 8LD)
Batting: LHB Keng-chi Lao 0-0: Ball
1-0: Ground out 5-3 (Groundball, 56S)
Top of the 6th over - 1 run(s), 2 hit(s), 0 error(s), 1 left on base; Baffin Island 3 - Plymouth 1
BOTTOM OF THE 6TH
Plymouth Rocks batting - Pitching for Baffin Island Beavers : LHP Marcos Benítez
Batting: RHB Andrés Lara 0-0: Called Strike
0-1: Ball
1-1: Ball
2-1: Ground out 6-3 (Groundball, 6)
Batting: SHB Greg Welch 0-0: Called Strike
0-1: Ground out 6-3 (Groundball, 6M)
Batting: RHB Ray Yates 0-0: Ball
1-0: Ball
2-0: Ground out 3-1 (Groundball, 23)
Bottom of the 6th over - 0 run(s), 0 hit(s), 0 error(s), 0 left on base; Baffin Island 3 - Plymouth 1
TOP OF THE 7TH
Baffin Island Beavers batting - Pitching for Plymouth Rocks : RHP José Martínez
Batting: LHB Mike MacFadden 0-0: Called Strike
0-1: Ball
1-1: Ball
2-1: Ball
3-1: SINGLE (Groundball, 34D)
Batting: LHB Mario García 0-0: Ball
1-0: Called Strike
1-1: Bunted foul
1-2: DOUBLE (Line Drive, 9LS)
Mike MacFadden to third
Pinch Hitting: LHB José Berroa 0-0: Ball
1-0: Ball
2-0: SINGLE (Groundball, 6MD)
Mike MacFadden scores
Mario García to third
Batting: LHB Lorenzo Villa 0-0: SINGLE (Line Drive, 89S)
Mario García scores
José Berroa to second
Runner from 2nd tries for 3rd, SAFE, throw made to third
Pitching: RHP Jean Burrows
Batting: RHB Tony Morton 0-0: Foul Ball, location: 2F
0-1: DOUBLE (Flyball, 9D)
José Berroa scores
Lorenzo Villa to third
Batting: LHB Jeff Cole 0-0: Ball
1-0: Foul Ball, location: 2F
1-1: Ball
2-1: Foul Ball, location: 2F
2-2: Ball
3-2: Base on Balls
Batting: RHB Dave Craig 0-0: Ball
1-0: Ball
2-0: Foul Ball, location: 2F
2-1: Foul Ball, location: 2F
2-2: Ball
3-2: Foul Ball, location: 2F
3-2: Base on Balls
Lorenzo Villa scores
Tony Morton to third
Jeff Cole to second
Batting: LHB Javier Orozco 0-0: Called Strike
0-1: Fly out, F7 (Flyball, 78M)
Runner from 3rd tags up, SCORES, no throw
Batting: LHB Keng-chi Lao 0-0: Ball
1-0: Fly out, F7 (Flyball, 78D)
Batting: LHB Mike MacFadden 0-0: Ball
1-0: SINGLE (Flyball, 7S)
Jeff Cole to third
Dave Craig to second
Runner from 3rd tries for Home, SAFE, no throw or cutoff
Batting: LHB Mario García 0-0: Foul Ball, location: 2F
0-1: Ball
1-1: Foul Ball, location: 2F
1-2: Ground out 4-3 (Groundball, 4)
Top of the 7th over - 6 run(s), 6 hit(s), 0 error(s), 2 left on base; Baffin Island 9 - Plymouth 1
BOTTOM OF THE 7TH
Plymouth Rocks batting - Pitching for Baffin Island Beavers : LHP Marcos Benítez
Now at 2B: Mario López
Batting: RHB António Gonzáles 0-0: Called Strike
0-1: Ground out 6-3 (Groundball, 6M)
Batting: LHB Barrett Waters 0-0: Foul Ball, location: 2F
0-1: Ball
1-1: Foul Ball, location: 2F
1-2: SINGLE (Line Drive, 34)
Batting: RHB António Zúñiga 0-0: Called Strike
0-1: SINGLE (Line Drive, 34D)
Barrett Waters to second
Batting: RHB Tadakuni Sugiyama 0-0: Called Strike
0-1: Ball
1-1: Foul Ball, location: 2F
1-2: Strikes out swinging
Batting: RHB Javier Deleón 0-0: Fly out, F9 (Flyball, 89D)
Bottom of the 7th over - 0 run(s), 2 hit(s), 0 error(s), 2 left on base; Baffin Island 9 - Plymouth 1
TOP OF THE 8TH
Baffin Island Beavers batting - Pitching for Plymouth Rocks : RHP Jean Burrows
Batting: RHB Mario López 0-0: Called Strike
0-1: Foul Ball, location: 2F
0-2: Foul Ball, location: 2F
0-2: Ball
1-2: Ball
2-2: SINGLE (Groundball, 5D)
Batting: LHB Lorenzo Villa 0-0: Swinging Strike
0-1: Ball
1-1: Foul Ball, location: 2F
1-2: Ball
2-2: Foul Ball, location: 2F
2-2: Ball
3-2: Foul Ball, location: 2F
3-2: Fly out, F8 (Flyball, 89XD)
Pitching: RHP Luis Cortéz
Batting: RHB Tony Morton 0-0: Ball
1-0: Called Strike
1-1: Ball
2-1: Ground out 2-3 (Groundball, 13S)
Mario López to second
Batting: LHB Jeff Cole 0-0: 2-RUN HOME RUN (Flyball, 9LD), Distance : 367 ft
Batting: RHB Dave Craig 0-0: Ball
1-0: Ball
2-0: Ground out 6-3 (Groundball, 6M)
Top of the 8th over - 2 run(s), 2 hit(s), 0 error(s), 0 left on base; Baffin Island 11 - Plymouth 1
BOTTOM OF THE 8TH
Plymouth Rocks batting - Pitching for Baffin Island Beavers : LHP Marcos Benítez
Batting: RHB Luis Sánchez 0-0: Ball
1-0: Ball
2-0: Swinging Strike
2-1: SINGLE (Groundball, 5D)
Pitching: LHP Manuel Parra
Batting: RHB Andrés Lara 0-0: Grounds into double play, 1-6-3 (Groundball, 25)
Batting: SHB Greg Welch 0-0: Called Strike
0-1: Ball
1-1: SINGLE (Groundball, 4MD)
Batting: RHB Ray Yates 0-0: Foul Ball, location: 2F
0-1: Ground out 5-3 (Groundball, 56)
Bottom of the 8th over - 0 run(s), 2 hit(s), 0 error(s), 1 left on base; Baffin Island 11 - Plymouth 1
TOP OF THE 9TH
Baffin Island Beavers batting - Pitching for Plymouth Rocks : RHP Luis Cortéz
Batting: LHB Javier Orozco 0-0: Ball
1-0: Swinging Strike
1-1: Called Strike
1-2: Strikes out swinging
Batting: LHB Keng-chi Lao 0-0: Ball
1-0: Reached on Error, E3 (Line Drive, 3S)
Batting: LHB Mike MacFadden 0-0: Ball
1-0: Swinging Strike
1-1: Ball
2-1: Swinging Strike
2-2: Foul Ball, location: 2F
2-2: Strikes out swinging
Batting: LHB Mario García 0-0: 2-RUN HOME RUN (Line Drive, 89XD), Distance : 420 ft
Batting: RHB Mario López 0-0: Ball
1-0: Foul Ball, location: 2F
1-1: Ball
2-1: SOLO HOME RUN (Flyball, 7LD), Distance : 364 ft
Pitching: RHP Scott Walker
Batting: LHB Lorenzo Villa 0-0: Ball
1-0: Called Strike
1-1: Ball
2-1: Ball
3-1: DOUBLE (Line Drive, 89M)
Batting: RHB Tony Morton 0-0: Ground out 5-3 (Groundball, 56)
Top of the 9th over - 3 run(s), 3 hit(s), 1 error(s), 1 left on base; Baffin Island 14 - Plymouth 1
BOTTOM OF THE 9TH
Plymouth Rocks batting - Pitching for Baffin Island Beavers : LHP Manuel Parra
Batting: RHB António Gonzáles 0-0: Ball
1-0: Fly out, F8 (Flyball, 78XD)
Batting: LHB Barrett Waters 0-0: Ball
1-0: Called Strike
1-1: Ball
2-1: Foul Ball, location: 2F
2-2: Ground out 1-3 (Groundball, 13S)
Batting: RHB António Zúñiga 0-0: Called Strike
0-1: Fly out, F9 (Flyball, 9LM)
Bottom of the 9th over - 0 run(s), 0 hit(s), 0 error(s), 0 left on base; Baffin Island 14 - Plymouth 1
Monday, December 5th, 2016 - OOTP Baseball 17.12 Build 75